 Dungeon Crawl Stone Soup version 0.25.1-1-g288607f5aa (webtiles) character file.

Game seed: 17233377169550601307

343 toffzen the Chopper (level 6, -4/49 HPs)
             Began as a Formicid Berserker on July 26, 2020.
             Was a Believer of Trog.
             Slain by Duvessa
             ... wielding a +0 short sword
              (6 damage)
             ... on level 6 of the Dungeon.
             The game lasted 00:08:47 (5273 turns).

toffzen the Chopper (Formicid Berserker)            Turns: 5273, Time: 00:08:47

Health: -4/49      AC:  5    Str: 22    XL:     6   Next: 88%
Magic:  6/6        EV: 12    Int:  7    God:    Trog [**....]
Gold:   167        SH:  0    Dex: 11    Spells: 5/5 levels left

rFire    + . .     SeeInvis +   a - +0 hand axe
rCold    . . .     Gourm    .   (no shield)
rNeg     . . .     Faith    .   k - +0 ring mail
rPois    .         Spirit   .   (helmet unavailable)
rElec    .         Reflect  .   (no cloak)
rCorr    .         Harm     .   (no gloves)
MR       ++...                  (no boots)
Stlth    +.........             (no amulet)
HPRegen  1.16/turn              l - ring of protection from fire
MPRegen  0.10/turn              (no ring)

@: regenerating
A: permanent stasis, dig shafts and tunnels, four strong arms, antennae 3
a: Dig, Shaft Self, Trog's Hand, Renounce Religion


You were on level 6 of the Dungeon.
You worshipped Trog.
Trog was pleased with you.
You were not hungry.

You visited 1 branch of the dungeon, and saw 7 of its levels.

You collected 167 gold pieces.

Inventory:

Hand Weapons
 a - a +0 hand axe (weapon)
Missiles
 d - 117 sling bullets
 g - 8 poisoned darts (quivered)
 h - 58 stones
Armour
 k - a +0 ring mail (worn)
Jewellery
 e - a +4 ring of protection
 l - a ring of protection from fire (left hand)
Wands
 b - a wand of paralysis (7)
Scrolls
 f - a scroll of immolation {unknown}
 i - 5 scrolls of identify
 j - 2 scrolls of blinking {unknown}
 m - a scroll of enchant weapon {unknown}
 n - 2 scrolls of remove curse {unknown}
 p - a scroll of magic mapping {unknown}
Potions
 o - 2 potions of lignification {unknown}
Comestibles
 c - 4 rations


   Skills:
 + Level 4.6 Fighting
 * Level 5.0 Axes
 + Level 3.8 Armour
 + Level 3.1 Dodging


You had 5 spell levels left.
You didn't know any spells.
Your spell library was empty.

Dungeon Overview and Level Annotations

Branches:
Dungeon (8/15)             Temple (0/1) D:4
   Lair: D:8-11

Altars:
Cheibriados
Gozag
Qazlal
Yredelemnul

Shops:
D:4 %   D:8 ?

Annotations:
D:6 Dowan, Duvessa


Innate Abilities, Weirdness & Mutations

You cannot be hasted, slowed, berserked, paralysed or teleported.
You can dig through walls and to a lower floor.
Your four strong arms can wield two-handed weapons with a shield.
You have a pair of large antennae on your head. (SInv)


Message History

* * * LOW HITPOINT WARNING * * *
You hit Duvessa.
Duvessa is severely wounded.
Duvessa barely misses you.
You barely miss Duvessa.
Duvessa is severely wounded.
Duvessa hits you with a +0 short sword.
* * * LOW HITPOINT WARNING * * *
You hit Duvessa but do no damage.
Duvessa is severely wounded.
Duvessa hits you but does no damage.
You barely miss Duvessa.
Duvessa is severely wounded.
Duvessa hits you but does no damage.
You hit Duvessa but do no damage.
Duvessa is severely wounded.
Duvessa hits you with a +0 short sword!
* * * LOW HITPOINT WARNING * * *
Duvessa hits you with a +0 short sword.
You die...

#.#.. ......## ##.# #.#.#
#.#...## #.# #.#.#
#......# #.# #.#.# #.#...#
########.#
#.#.####.##.#####........#
#.............{...########
###.####.##.####.##
#.####.##.# ##e#
#.........# #@##
########### ###


You could see Duvessa.

Vanquished Creatures
  A scorpion (D:4)
  An orc priest (D:4)
  Jessica (D:3)
  A worker ant (D:3)
  3 gnolls (D:2)
  9 adders
  3 worms
  4 dart slugs
  3 leopard geckos
  7 orcs
  2 ball pythons
  3 giant cockroaches
  6 goblins
  9 hobgoblins
  6 jackals
  9 kobolds
  8 bats
  2 frilled lizards
  9 rats
  A spectral orc (D:3)
88 creatures vanquished.

Notes
Turn   | Place    | Note
-------+----------+-------------------------------------------
     0 | D:1      | toffzen the Formicid Berserker began the quest for the Orb.
     0 | D:1      | Reached XP level 1. HP: 18/18 MP: 1/1
    94 | D:1      | Reached XP level 2. HP: 23/24 MP: 2/2
   796 | D:1      | Reached XP level 3. HP: 29/29 MP: 3/3
   917 | D:1      | Reached ** piety under Trog
  1300 | D:2      | You fall into a shaft and drop 1 floor!
  1470 | D:3      | Reached XP level 4. HP: 27/37 MP: 4/4
  1982 | D:2      | Reached skill level 4 in Axes
  2552 | D:2      | Reached XP level 5. HP: 41/42 MP: 5/5
  3689 | D:3      | Noticed Jessica
  3759 | D:3      | Found a snail-covered altar of Cheibriados.
  3814 | D:3      | Killed Jessica
  3814 | D:3      | Reached XP level 6. HP: 37/48 MP: 6/6
  3954 | D:3      | Found a basalt altar of Yredelemnul.
  4065 | D:3      | Found an opulent altar of Gozag.
  4085 | D:3      | Found a stormy altar of Qazlal.
  4087 | D:3      | Noticed a water elemental
  4087 | D:3      | Noticed an air elemental
  4089 | D:3      | Noticed a fire elemental
  4309 | D:4      | Found Distum's Food Boutique.
  4429 | D:4      | Found a staircase to the Ecumenical Temple.
  5058 | D:4      | Reached skill level 5 in Axes
  5114 | D:4      | You fall into a shaft and drop 2 floors!
  5114 | D:6      | Noticed Duvessa
  5114 | D:6      | Noticed Dowan
  5117 | D:6      | You fall into a shaft and drop 2 floors!
  5117 | D:8      | Found Bab Zen's Magic Scroll Shop.
  5117 | D:8      | Noticed an ice beast
  5273 | D:6      | HP: 2/49 [Duvessa/+0 short sword (9)]
  5273 | D:6      | Slain by Duvessa

Illustrated notes

Levels and vault maps discovered:
D:1:      minmay_arrival_semitransparent, layout_rooms
D:2:      layout_basic
D:3:      layout_rooms, yredelemnul_forgotten_temple_becter,
          grunt_gozag_breadcrumbs, cheibriados_altar_1, portal_sewer_entry_d,
          nicolae_qazlal_style_of_elements, uniq_jessica
D:4:      gammafunk_wand_slinger, layout_basic, kennysheep_little_box,
          temple_pool_b, serial_shops, nicolae_shop_behind_doors
D:6:      layout_loops_corners, tso_metal_star, lemuel_flamethrower_2,
          uniq_duvessa
D:7:      layout_loops_cross, ashenzari_conservatory_becter,
          lemuel_crystal_altar
D:8:      layout_cave_pods, due_lair_maze_entry_diamond, serial_shops,
          nicolae_shop_crystal

Skill      XL: |  1  2  3  4  5  6 |
---------------+-------------------+-----
Dodging        | 2 3 |  3.1
Axes           | 4 5 |  5.0
Armour         | 3 |  3.8
Fighting       | 4 |  4.6

Action                   |  1- 3 |  4- 6 || total
-------------------------+-------+-------++-------
Melee: Hand axe          |   109 |   287 ||   396
Throw: Dart              |     7 |     5 ||    12
Invok: Trog's Hand       |     1 |     9 ||    10
 Abil: Shaft Self        |     1 |     2 ||     3
       Dig               |       |     1 ||     1
  Use: Scroll            |     1 |     2 ||     3
       Potion            |       |     2 ||     2
 Stab: Sleeping          |     3 |       ||     3
  Eat: Chunk             |     2 |    15 ||    17
       Ration            |       |     1 ||     1
Armor: Animal skin       |    28 |     3 ||    31
       Ring mail         |       |    69 ||    69
Dodge: Dodged            |    85 |   196 ||   281
